 Dungeon Crawl Stone Soup version 0.28.0-53-g5a82cb258f (webtiles) character file.

Game seed: 3540089926398829095

3437 hawla the Arsonist (level 9, -3/48 HPs)
             Began as a Deep Elf Fire Elementalist on May 28, 2022.
             Was a Follower of Vehumet.
             Slain by an orc warrior
             ... wielding a +0 halberd
              (12 damage)
             ... on level 9 of the Dungeon.
             The game lasted 00:21:10 (7034 turns).

hawla the Arsonist (Deep Elf Fire Elementalist)     Turns: 7034, Time: 00:21:11

Health: -3/48      AC:  6    Str:  5    XL:     9   Next: 77%
Magic:  16/32      EV: 14    Int: 25    God:    Vehumet [*.....]
Gold:   388        SH:  0    Dex: 15    Spells: 16/25 levels left

rFire   . . .      SeeInvis .   g - +5 demon blade of Eternal Vigilance {elec, MP+9}
rCold   . . .      Faith    .   (no shield)
rNeg    . . .      Spirit   .   a - +1 robe
rPois   +          Reflect  .   D - +0 helmet
rElec   .          Harm     .   (no cloak)
rCorr   .          Rampage  .   w - +0 pair of gloves
Will    .....                   j - +0 pair of boots
Stlth   +++.......              d - amulet of regeneration
HPRegen 0.96/turn               c - ring of flight
MPRegen 0.23/turn               b - ring of poison resistance

@: flying
A: talons 1
a: Renounce Religion


You were on level 9 of the Dungeon.
You worshipped Vehumet.
Vehumet was aware of your devotion.
You visited 2 branches of the dungeon, and saw 10 of its levels.

You collected 388 gold pieces.

Inventory:

Hand Weapons
 g - the +5 demon blade of Eternal Vigilance (weapon) {elec, MP+9}
   (You acquired it on level 2 of the Dungeon)

   It occasionally discharges a powerful burst of electricity upon striking a
   foe.
   MP:        It affects your magic capacity (+9).
 H - a +2 dagger of venom
Missiles
 y - 9 poisoned darts
 E - a curare-tipped dart
Armour
 a - a +1 robe (worn)
 j - a +0 pair of boots (worn)
 w - a +0 pair of gloves (worn)
 D - a +0 helmet (worn)
Jewellery
 b - a ring of poison resistance (right hand)
 c - a ring of flight (left hand)
 d - an amulet of regeneration (around neck)
 n - a ring of ice
Wands
 h - a wand of flame (42)
 l - a wand of polymorph (7)
 m - a wand of iceblast (10)
Scrolls
 i - 3 scrolls of amnesia
 k - a scroll of torment {unknown}
 q - 4 scrolls of vulnerability {unknown}
 s - 3 scrolls of fear {unknown}
 t - 3 scrolls of teleportation {unknown}
 z - a scroll of blinking {unknown}
 G - a scroll of identify
Potions
 e - 3 potions of haste
 f - 2 potions of flight
 o - a potion of resistance
 p - 4 potions of curing {unknown}
 r - a potion of invisibility {unknown}
 u - 2 potions of lignification
 v - 2 potions of might {unknown}
 x - a potion of magic
 A - a potion of attraction
 B - a potion of heal wounds
 C - a potion of ambrosia
 F - a potion of berserk rage {unknown}


   Skills:
 + Level 2.2 Fighting
 + Level 4.4 Long Blades
 + Level 4.6 Dodging
 + Level 4.5 Stealth
 + Level 8.8 Spellcasting
 + Level 6.0 Conjurations
 + Level 9.8 Fire Magic


You had 16 spell levels left.
You knew the following spells:

 Your Spells              Type           Power      Damage    Failure   Level
a - Foxfire               Conj/Fire      100%       2x1d9     1%          1
b - Scorch                Fire           100%       2d10      1%          2
c - Flame Wave            Conj/Fire      50%        2d10      2%          4
d - Searing Ray           Conj           82%        2d7       1%          2

Your spell library contained the following spells:

 Spells                   Type           Power      Damage    Failure   Level
 Freeze                   Ice            44%        1d6       5%          1
 Magic Dart               Conj           100%       1d8       1%          1
 Shock                    Conj/Air       100%       1d9       1%          1
 Conjure Flame            Conj/Fire      50%        6-21      1%          3
 Inner Flame              Hex/Fire       35%        N/A       2%          3
 Stone Arrow              Conj/Erth      52%        3d10      4%          3
 Animate Skeleton         Necr           22%        N/A       5%          1
 Apportation              Tloc           22%        N/A       5%          1
 Summon Small Mammal      Summ           44%        N/A       5%          1
 Corpse Rot               Necr/Air       22%        N/A       9%          2
 Ensorcelled Hibernation  Hex/Ice        22%        N/A       9%          2
 Poisonous Vapours        Pois/Air       22%        N/A       9%          2
 Fulminant Prism          Conj/Hex       13%        3d9       16%         4
 Ozocubu's Armour         Ice            11%        N/A       17%         3
 Spider Form              Tmut/Pois      11%        N/A       17%         3
 Swiftness                Air            11%        N/A       17%         3
 Airstrike                Air            5%         N/A       50%         4
 Anguish                  Hex/Necr       5%         N/A       50%         4
 Animate Armour           Summ/Erth      22%        N/A       50%         4
 Ozocubu's Refrigeration  Ice            5%         4d6       100%        7
 Lehudib's Crystal Spear  Conj/Erth      13%        10d4      100%        8


Dungeon Overview and Level Annotations

Branches:
Dungeon (8/15)             Temple (1/1) D:4
   Lair: D:8-11

Altars:
Cheibriados
Elyvilon
Fedhas
Gozag
Hepliaklqana
Kikubaaqudgha
Nemelex Xobeh
Okawaru
Qazlal
Sif Muna
Uskayaw
Vehumet
Wu Jian
Yredelemnul
Zin


Innate Abilities, Weirdness & Mutations

You have sharp toenails.


Message History

You finish channelling waves of flame.
The orc warrior barely misses you.
Casting: Flame Wave (dangerous; 2% risk of failure)
Confirm with . or Enter, or press ? or * to list all spells.
Casting: Flame Wave (dangerous; 2% risk of failure)
Press: ? - help, Dir - look around, f - activate A wave of flame ripples out!
The flame wave engulfs the killer bee!
You kill the killer bee!
Vehumet accepts your kill. (Press . to intensify the flame waves.)
The orc warrior hits you from afar with a +0 halberd!
Your Conjurations skill increases to level 6!
A wave of flame ripples out!
The flame wave engulfs the killer bee!
The killer bee is severely wounded.
The flame wave engulfs the orc warrior but does no damage.
The orc warrior is severely wounded.
The killer bee stings you but does no damage.
The killer bee stings you. The orc warrior misses you.
A wave of flame ripples out!
The flame wave engulfs the killer bee.
You kill the killer bee!
Vehumet accepts your kill.
The flame wave engulfs the orc warrior.
The orc warrior is almost dead.
You finish channelling waves of flame.
The orc warrior hits you from afar with a +0 halberd!
* * * LOW HITPOINT WARNING * * *
Casting: Flame Wave (dangerous; 2% risk of failure)
Confirm with . or Enter, or press ? or * to list all spells.
Flames lash the orc warrior but do no damage.
The orc warrior closely misses you.
Casting: Scorch (safe; 1% risk of failure)
Confirm with . or Enter, or press ? or * to list all spells.
You conjure some foxfire!
The orc warrior hits you from afar with a +0 halberd!
* * * LOW HITPOINT WARNING * * *
The foxfire hits the orc warrior but does no damage.
The orc warrior is severely wounded.
The foxfire hits the orc warrior.
The orc warrior is almost dead.
The orc warrior hits you from afar with a +0 halberd!
You die...

#...........# #######...>##
###.....#### ###### #........#
.....## #........# .....+..#
#........# ##
.....##...#......o.#############.
)....# #............))....).....
.....# #.....@..##############
'##### ###.###### #. .....# #.#
#. ####.## #.## ##. #..# #..##
#.. ##.# ##..# ######+#
#####[#########'####### #.......
.......##.............# #.......
.......#.<............# #.......


You could see an orc warrior.

Vanquished Creatures
  A troll (D:9)
  A shadow (D:5)
  2 wyverns
  Sigmund (D:3)
  A steam dragon (D:6)
  2 water moccasins (D:6)
  A black bear (D:5)
  A centaur (D:7)
  5 ogres
  2 phantoms
  2 kobold brigands
  4 bullfrogs
  3 wights (D:9)
  4 killer bees (D:9)
  A howler monkey (D:9)
  2 hounds
  A centaur skeleton (D:7)
  3 orc priests
  Jessica (D:2)
  An iguana (D:5)
  10 orc wizards
  A killer bee zombie (D:4)
  A hound skeleton (D:4)
  Robin (D:3)
  5 gnolls
  9 adders
  A shadow imp (D:4)
  3 white imps
  2 ufetubi (D:6)
  An adder zombie (D:5)
  3 worms
  4 dart slugs
  10 orcs
  6 bats
  14 endoplasms
  3 giant cockroaches (D:2)
  8 hobgoblins
  2 jackals (D:1)
  6 quokkas
  9 ball pythons
  4 frilled lizards
  16 goblins
  16 kobolds
  6 rats
180 creatures vanquished.

Vanquished Creatures (collateral kills)
  7 foxfires (D:6)
7 creatures vanquished.

Vanquished Creatures (others)
  252 foxfires
252 creatures vanquished.

Grand Total: 439 creatures vanquished

Notes
Turn   | Place    | Note
-------+----------+-------------------------------------------
     0 | D:1      | hawla the Deep Elf Fire Elementalist began the quest for
                  | the Orb.
     0 | D:1      | Reached XP level 1. HP: 10/10 MP: 6/6
   266 | D:1      | Reached XP level 2. HP: 15/15 MP: 5/8
   486 | D:1      | Reached skill level 4 in Fire Magic
   486 | D:1      | Reached XP level 3. HP: 19/19 MP: 5/10
   640 | D:1      | Learned a level 2 spell: Scorch
   686 | D:1      | Found a faded altar of an unknown god.
  1044 | D:2      | Identified a scroll of acquirement
  1044 | D:2      | Acquired the +5 demon blade of Eternal Vigilance {elec,
                  | MP+9}
  1138 | D:2      | Noticed Jessica
  1145 | D:2      | Killed Jessica
  1146 | D:2      | Reached XP level 4. HP: 24/24 MP: 11/11
  1981 | D:3      | Noticed a bullfrog
  1984 | D:3      | Reached skill level 1 in Long Blades
  1986 | D:3      | Killed a bullfrog
  1987 | D:3      | Reached XP level 5. HP: 28/28 MP: 13/13
  2109 | D:3      | Noticed Robin
  2116 | D:3      | Reached skill level 1 in Fighting
  2131 | D:3      | Noticed Sigmund
  2161 | D:4      | Learned a level 4 spell: Flame Wave
  2188 | D:4      | Found a staircase to the Ecumenical Temple.
  2289 | Temple   | Entered the Ecumenical Temple
  2677 | D:4      | Reached XP level 6. HP: 31/34 MP: 14/14
  2792 | D:4      | Reached skill level 5 in Fire Magic
  2941 | D:4      | Found an ornate altar of the Wu Jian Council.
  3167 | D:5      | Entered Level 5 of the Dungeon
  3239 | D:5      | Reached XP level 7. HP: 17/38 MP: 5/15
  3245 | D:5      | Reached skill level 6 in Fire Magic
  3431 | D:5      | Noticed a shadow
  3446 | D:5      | Killed a shadow
  3877 | D:6      | Found a hazy altar of Hepliaklqana.
  3896 | D:6      | Reached skill level 7 in Fire Magic
  4043 | D:6      | Reached XP level 8. HP: 43/43 MP: 16/16
  4085 | D:6      | Reached skill level 8 in Fire Magic
  4093 | D:6      | Learned a level 2 spell: Searing Ray
  4247 | D:6      | Reached skill level 5 in Conjurations
  4599 | D:3      | Killed Sigmund
  4600 | D:3      | Reached skill level 5 in Spellcasting
  4702 | D:3      | Killed Robin
  5213 | D:7      | Gained mutation: You have sharp toenails. [potion of
                  | mutation]
  5382 | D:7      | Reached XP level 9. HP: 48/48 MP: 19/19
  5775 | D:7      | Found an opulent altar of Gozag.
  5994 | D:7      | Found an ancient bone altar of Kikubaaqudgha.
  6022 | D:7      | Found a radiant altar of Vehumet.
  6025 | D:7      | Reached skill level 9 in Fire Magic
  6028 | D:7      | Became a worshipper of Vehumet
  6050 | D:7      | Found a shimmering blue altar of Sif Muna.
  6691 | D:8      | You are sucked into a shaft and drop 1 floor!
  6889 | D:9      | Noticed a troll
  6893 | D:9      | Killed a troll
  7013 | D:9      | Reached * piety under Vehumet
  7013 | D:9      | Offered knowledge of Freeze by Vehumet.
  7034 | D:9      | Slain by an orc warrior

Illustrated notes

Levels and vault maps discovered:
D:1:      dpeg_arrival_three_smaller_balls, layout_basic,
          hellmonk_ecumenical_altar_pennies_from_heaven,
          minmay_misc_feat_encased
D:2:      layout_loops_corners, minmay_vboxes, uniq_jessica
D:3:      layout_rooms, kennysheep_donut, uniq_robin, uniq_sigmund
D:4:      layout_rooms, mainiacjoe_overflow_small_starburst,
          minmay_temple_entry_arrows
D:5:      layout_rooms
D:6:      layout_rooms, mainiacjoe_overflow_cross_hatched
D:7:      layout_basic, palyth_temple_overflow_mages, grunt_gozag_breadcrumbs
D:8:      layout_rooms, chequers_temple_overflow_minitemple,
          ebering_ghost_inner_flame, uniq_erica
D:9:      layout_roguey, skrybe_limestone_x
Temple:   compressed_dpeg_triangle_lava_temple

Skill      XL: |  1  2  3  4  5  6  7  8  9 |
---------------+----------------------------+-----
Fire Magic     | 4 5 7 8 9 |  9.8
Dodging        | 3 4 |  4.6
Stealth        | 3 4 |  4.5
Spellcasting   | 4 5 8 |  8.8
Long Blades    | 1 2 3 4 |  4.4
Fighting       | 1 2 |  2.2
Conjurations   | 2 4 5 6 |  6.0

Action                   |  1- 3 |  4- 6 |  7- 9 || total
-------------------------+-------+-------+-------++-------
Melee: Unarmed           |    14 |       |       ||    14
       Demon blade       |     3 |    59 |    26 ||    88
 Cast: Foxfire           |    47 |    21 |    79 ||   147
       Scorch            |     1 |    18 |    37 ||    56
       Flame Wave        |       |     8 |    17 ||    25
       Searing Ray       |       |       |     2 ||     2
  Use: Scroll            |     3 |     4 |     7 ||    14
       Potion            |       |     1 |     3 ||     4
 Stab: Sleeping          |     2 |     6 |     2 ||    10
Armor: Robe              |     2 |    20 |    14 ||    36
Dodge: Dodged            |    16 |    80 |    48 ||   144
